 Dungeon Crawl Stone Soup version 0.27.1-33-g824d729ab1 (webtiles) character file.

Game seed: 1021042339411620619

894 pkoi the Martial Artist (level 7, -5/57 HPs)
             Began as a Black Draconian Monk on Dec 13, 2021.
             Slain by an orc warrior (8 damage)
             ... on level 5 of the Dungeon.
             The game lasted 00:05:46 (5593 turns).

pkoi the Martial Artist (Black Draconian Monk)      Turns: 5593, Time: 00:05:46

Health: -5/57      AC:  8    Str: 13    XL:     7   Next: 78%
Magic:  8/8        EV: 13    Int: 12    God:
Gold:   157        SH:  0    Dex: 14    Spells: 7/8 levels left

rFire    . . .     SeeInvis .   d - +6 whip of the Devouring Boar {venom, +Rage rN+ rCorr}
rCold    . . .     Faith    .   (no shield)
rNeg     + . .     Spirit   .   (armour unavailable)
rPois    .         Reflect  .   (helmet restricted)
rElec    +         Harm     .   (no cloak)
rCorr    +         Rampage  .   (no gloves)
Will     .....                  f - +1 pair of boots
Stlth    ++........             (no amulet)
HPRegen  0.19/turn              (no ring)
MPRegen  0.11/turn              (no ring)

@: no status effects
A: breathe lightning, AC +6, unfitting armour, electricity resistance,
cold-blooded
a: Breathe Lightning, Evoke Berserk Rage


You were on level 5 of the Dungeon.
You visited 1 branch of the dungeon, and saw 5 of its levels.
You also visited: Ossuary.

You collected 157 gold pieces.

Inventory:

Hand Weapons
 c - a +1 dagger of electrocution
 d - the +6 whip of the Devouring Boar (weapon) {venom, +Rage rN+ rCorr}
   (You found it on level 4 of the Dungeon)

   It poisons the flesh of those it strikes.
   rN:        It protects you from negative energy.
   +Rage:     It lets you go berserk.
   rCorr:     It protects you from acid and corrosion.
 r - a +1 long sword of draining
Missiles
 i - 34 poisoned darts (quivered)
Armour
 f - a +1 pair of boots (worn)
Jewellery
 h - a ring of wizardry
 s - an amulet of faith
Wands
 C - a wand of paralysis (10)
Scrolls
 e - 3 scrolls of enchant armour
 g - 2 scrolls of magic mapping
 k - a scroll of enchant weapon {unknown}
 l - 2 scrolls of noise {unknown}
 n - 2 scrolls of immolation {unknown}
 p - 7 scrolls of identify
 t - 2 scrolls of fear {unknown}
 u - a scroll of holy word {unknown}
 x - a scroll of acquirement {unknown}
 y - a scroll of silence
 B - a scroll of amnesia {unknown}
Potions
 a - 3 potions of brilliance {unknown}
 b - a potion of cancellation {unknown}
 j - 5 potions of curing
 m - a potion of invisibility {unknown}
 o - 2 potions of heal wounds {unknown}
 q - a potion of haste {unknown}
 v - a potion of might {unknown}
 w - a potion of ambrosia {unknown}
 z - a potion of attraction {unknown}
 A - 2 potions of magic {unknown}
 D - 2 potions of degeneration {unknown}


   Skills:
 - Level 3.2 Fighting
 + Level 4.0 Dodging
 - Level 1.7 Stealth
 * Level 8.5 Unarmed Combat
 + Level 1.2 Spellcasting
 + Level 1.3 Translocations


You had 7 spell levels left.
You knew the following spells:

 Your Spells              Type           Power      Damage    Failure   Level
a - Apportation           Tloc           6%         N/A       17%         1

Your spell library contained the following spells:

 Spells                   Type           Power      Damage    Failure   Level
 Animate Skeleton         Necr           0%         N/A       30%         1
 Corona                   Hex            0%         N/A       30%         1
 Summon Small Mammal      Summ           0%         N/A       30%         1
 Stone Arrow              Conj/Erth      0%         3d7       65%         3
 Bolt of Magma            Conj/Fire/Erth 0%         4d4       100%        5
 Shatter                  Erth           0%         3d5*      100%        9


Dungeon Overview and Level Annotations

Branches:
Dungeon (5/15)            Ossuary (visited)
 Temple: D:4-7

Altars:
Trog
Uskayaw
The Shining One


Innate Abilities, Weirdness & Mutations

You can breathe wild blasts of lightning.
Your glossy black scales are hard. (AC +6)
You cannot fit into any form of body armour.
You are resistant to electric shocks. (rElec)
You are cold-blooded and may be slowed by cold attacks.


Message History

The quokka misses you.
Your Dodging skill increases to level 4!
Your Spellcasting skill increases to level 1!
You whack the quokka!
You kill the quokka!
You start resting.
You start resting.
HP restored.
You start waiting.
Done waiting.
There is a stone staircase leading down here.
You climb downwards.
The orc warrior hits you but does no damage.
The orc warrior hits you from afar with a +0 trident!
There is a stone staircase leading up, spattered with blood here.
The orc warrior hits you but does no damage.
You hit the orc warrior but do no damage.
The orc warrior closely misses you.
You hit the orc warrior.
The orc warrior is lightly wounded.
The orc warrior hits you with a +0 trident!
You hit the orc warrior but do no damage.
The orc warrior is poisoned.
The orc warrior is lightly wounded.
The orc warrior hits you with a +0 trident!
* * * LOW HITPOINT WARNING * * *
You hit the orc warrior but do no damage.
The orc warrior looks as sick as possible!
The orc warrior is lightly wounded.
The orc warrior barely misses you.
You closely miss the orc warrior.
The orc warrior is lightly wounded.
The orc warrior hits you but does no damage.
The orc warrior hits you from afar with a +0 trident!
* * * LOW HITPOINT WARNING * * *
The orc warrior hits you from afar with a +0 trident!
* * * LOW HITPOINT WARNING * * *
You fail to use your ability.
The orc warrior hits you from afar with a +0 trident!
You die...

......## ..#.#
...#...### ##....
...#.#...#####... #
...#.###.....#.##.###
####.#######........#
....<....# ###.###...
.........# #...#
......(..###.######.#..#
########......o.@..>..#
####............#...##
.....................#
##...######.####.....#
.... #..# ####.## ##.
..... ... .. ....### ###
# ####


You could see an orc warrior (very poisoned).

Vanquished Creatures
  2 necrophages
  An ogre (D:4)
  A phantom (D:5)
  A bullfrog zombie (D:5)
  2 orc priests
  A hound (D:4)
  A jelly (D:5)
  An orc wizard (D:4)
  A killer bee zombie (D:5)
  A hound skeleton (D:5)
  12 mummies (Ossuary)
  A howler monkey zombie (D:5)
  3 gnolls
  5 adders
  An ufetubus (D:5)
  2 adder skeletons (D:4)
  2 worms
  11 orcs
  4 bats
  6 endoplasms
  6 giant cockroaches
  8 goblins
  6 hobgoblins
  5 kobolds
  3 quokkas
  3 ball pythons
  6 frilled lizards
  A gnoll skeleton (Ossuary)
  2 goblin skeletons (Ossuary)
  A kobold skeleton (Ossuary)
  4 orc skeletons (Ossuary)
  8 rats
  11 rat skeletons (Ossuary)
123 creatures vanquished.

Notes
Turn   | Place    | Note
-------+----------+-------------------------------------------
     0 | D:1      | pkoi the Draconian Monk began the quest for the Orb.
     0 | D:1      | Reached XP level 1. HP: 19/19 MP: 1/1
   317 | D:1      | Reached XP level 2. HP: 26/26 MP: 2/2
   640 | D:1      | Reached skill level 4 in Unarmed Combat
   874 | D:2      | Reached XP level 3. HP: 18/31 MP: 3/3
  1734 | D:2      | Reached XP level 4. HP: 38/38 MP: 4/4
  1867 | D:3      | Found a bloodstained altar of Trog.
  1900 | D:3      | Reached skill level 5 in Unarmed Combat
  2568 | D:3      | Found a faded altar of an unknown god.
  2654 | D:3      | Reached XP level 5. HP: 30/45 MP: 5/5
  3117 | D:3      | Reached skill level 6 in Unarmed Combat
  3274 | D:4      | Found a hide-covered altar of Uskayaw.
  3356 | D:4      | Identified the +6 whip of the Devouring Boar {venom, +Rage
                  | rN+ rCorr}
  3374 | D:4      | Found a sand-covered staircase.
  3379 | Ossuary  | Entered an ossuary
  3789 | Ossuary  | Reached XP level 6. HP: 51/51 MP: 6/6
  3876 | Ossuary  | Reached skill level 7 in Unarmed Combat
  4796 | D:4      | Found a glowing golden altar of the Shining One.
  4902 | D:5      | Entered Level 5 of the Dungeon
  4911 | D:5      | Your scales start taking on a glossy black colour.
  4911 | D:5      | Reached XP level 7. HP: 55/57 MP: 7/7
  4911 | D:5      | Gained mutation: You are resistant to electric shocks.
                  | (rElec) [Black Draconian growth]
  4917 | D:5      | Reached skill level 8 in Unarmed Combat
  4938 | D:4      | Learned a level 1 spell: Apportation
  5216 | D:4      | Reached skill level 1 in Translocations
  5308 | D:4      | Reached skill level 1 in Spellcasting
  5585 | D:5      | HP: 1/57 [orc warrior (9)]
  5593 | D:5      | Slain by an orc warrior

Illustrated notes

Levels and vault maps discovered:
D:1:      dpeg_arrival_boxes_within_box, layout_rooms
D:2:      layout_loops_cross
D:3:      layout_basic, mainiacjoe_overflow_tiny_flanked,
          ebering_ecumenical_altar_mist, kennysheep_generic_room_7
D:4:      layout_rooms, nicolae_uskayaw_dance_hall, lemuel_tele_altar,
          nicolae_ossuary_entry_ruins
D:5:      minmay_bubble_buster, layout_rooms, uniq_crazy_yiuf_cottage,
          uniq_pikel

Skill      XL: |  1  2  3  4  5  6  7 |
---------------+----------------------+-----
Unarmed Combat | 4 5 6 7 8 |  8.5
Dodging        | 3 4 |  4.0
Translocations | 1 |  1.3
Spellcasting   | 1 |  1.2
Fighting       | |  3.2
Stealth        | |  1.7

Action                   |  1- 3 |  4- 6 |  7- 9 || total
-------------------------+-------+-------+-------++-------
Melee: Unarmed           |   128 |   135 |       ||   263
       Tailslap          |    15 |    30 |    11 ||    56
       Punch             |     3 |    10 |     2 ||    15
       Whip              |       |   127 |    51 ||   178
  Use: Scroll            |       |     5 |       ||     5
 Stab: Sleeping          |     2 |     6 |       ||     8
       Distracted        |       |       |     1 ||     1
Armor: Skin              |    41 |    64 |    25 ||   130
Dodge: Dodged            |    70 |   141 |    43 ||   254
